 Dungeon Crawl Stone Soup version 0.27.0-1-g7a089689b8 (webtiles) character file.

Game seed: 4286789422056418055

6 thirtiethelement the Skirmisher (level 1, -1/18 HPs)
             Began as a Demonspawn Abyssal Knight on Aug 15, 2021.
             Was a Follower of Lugonu.
             Slain by a jackal (2 damage)
             ... on level 1 of the Dungeon.
             The game lasted 00:00:48 (160 turns).

thirtiethelement the Skirmisher (DsAK)               Turns: 160, Time: 00:00:48

Health: -1/18      AC:  3    Str: 12    XL:     1   Next: 75%
Magic:  2/2        EV: 11    Int: 13    God:    Lugonu [*.....]
Gold:   48         SH:  0    Dex: 12    Spells: 0/0 levels left

rFire    . . .     SeeInvis .   a - +1 falchion
rCold    . . .     Faith    .   (no shield)
rNeg     . . .     Spirit   .   b - +0 leather armour
rPois    .         Reflect  .   (no helmet)
rElec    .         Harm     .   (no cloak)
rCorr    .         Rampage  .   (no gloves)
Will     .....                  (no boots)
Stlth    +.........             (no amulet)
HPRegen  0.06/turn              (no ring)
MPRegen  0.08/turn              (no ring)

@: slowed, very slow
A: no striking features
a: Renounce Religion, Depart the Abyss


You were on level 1 of the Dungeon.
You worshipped Lugonu.
Lugonu was aware of your devotion.
You visited 1 branch of the dungeon, and saw 1 of its levels.
You visited the Abyss 1 time.

You collected 48 gold pieces.

Inventory:

Hand Weapons
 a - a +1 falchion (weapon)
Armour
 b - a +0 leather armour (worn)
Scrolls
 e - a scroll of acquirement {unknown}
Potions
 c - a potion of might {unknown}
 d - a potion of curing {unknown}


   Skills:
 + Level 3.2 Fighting
 + Level 2.0 Long Blades
 + Level 1.7 Armour
 + Level 0.8 Dodging
 + Level 2.4 Invocations


You couldn't memorise any spells.
You didn't know any spells.
Your spell library was empty.

Dungeon Overview and Level Annotations

Branches:
Dungeon (1/15)

Altars:


Message History

d - a white potion
e - a scroll labelled GUR YSSUTU A hobgoblin comes into view.
The hobgoblin shouts!
You hear a bark!
A jackal comes into view.
The jackal barks!
An endoplasm comes into view.
The endoplasm moves out of view.
You hit the hobgoblin but do no damage.
A jackal comes into view. x2
The hobgoblin hits you. x2
The jackal barks! x2
You hit the jackal but do no damage. The jackal closely misses you.
The hobgoblin hits you.
A rat comes into view.
The jackal barely misses you. The hobgoblin hits you.
You are too injured to fight recklessly!
The jackal barely misses you.
You riposte.
You slash the jackal!
You kill the jackal!
Lugonu accepts your kill. The hobgoblin barely misses you.
You closely miss the hobgoblin. The hobgoblin hits you.
* * * LOW HITPOINT WARNING * * *
The hobgoblin closely misses you.
You riposte.
You hit the hobgoblin.
The hobgoblin is severely wounded.
You hit the hobgoblin.
You kill the hobgoblin!
Lugonu accepts your kill.
You can now depart the Abyss.
The jackal closely misses you.
You riposte.
You barely miss the jackal.
Your Long Blades skill increases to level 2!
You hit the jackal.
The jackal is almost dead.
The jackal closely misses you.
You riposte.
You closely miss the jackal.
The jackal is almost dead.
The jackal bites you.
* * * LOW HITPOINT WARNING * * *
You hit the jackal but do no damage.
The jackal is almost dead.
The jackal barely misses you. The jackal bites you.
You die...

##r # .. +.
#..### ##
#..#..#.. .
#.......#.#
#.#...#.#.#
......†Jr.#
......#h###
..### #@# #.#
##.## #...#
#...# #...#
#####...####.
###............
..............#


You could see an endoplasm, a jackal and a rat.

Vanquished Creatures
  3 hobgoblins (D:1)
  A jackal (D:1)
  A frilled lizard (D:1)
5 creatures vanquished.

Notes
Turn   | Place    | Note
-------+----------+-------------------------------------------
     0 | Abyss:1  | thirtiethelement the Demonspawn Abyssal Knight began the
                  | quest for the Orb.
     0 | Abyss:1  | Reached XP level 1. HP: 18/18 MP: 2/2
    29 | Abyss:1  | Found a corrupted altar of Lugonu.
    76 | Abyss:2  | Noticed a lich
    98 | D:1      | Escaped the Abyss
   158 | D:1      | Reached * piety under Lugonu
   160 | D:1      | Slain by a jackal

Illustrated notes

Levels and vault maps discovered:
D:1:      dpeg_arrival_prison, layout_loops_cross,
          hellmonk_ecumenical_altar_defaced_shrine, minmay_box_of_dots

Skill      XL: |  1 |
---------------+----+-----
Long Blades    | 2 |  2.0
Fighting       | |  3.2
Armour         | |  1.7
Dodging        | |  0.8
Invocations    | |  2.4

Action                   || total
-------------------------++-------
Melee: Falchion          ||    12
Invok: Depart the Abyss  ||     1
  Use: Scroll            ||     2
Armor: Leather armour    ||     1
Dodge: Dodged            ||    18
       Rpst.: Falchion   ||     7
